AoeStats
← [RuJ] Lord_Dragol

Arena

504347609Analyzed
2v2 RM · 26d ago on Sep 5, 2026· 38m 35s· 4 players
Game mode
Random Map
Map size
Medium (4 player)
Population
200
Speed
Normal
Resources
Standard
Victory
Conquest
Starting age
Dark Age
Ending age
Imperial Age
RankedLock teamsTeams togetherTeam positionsShared explorationLock speedFull tech treeHidden civsTurbo modeCheats
Victory
Defeat
🇬🇧 Mongols · United Kingdom
1228
+16
🇪🇸 Cumans · Spain
1228
+16
🇹🇷 Malians · Türkiye
1255
-16
🇩🇪 Persians · Germany
1217
-16
Dolores Crotal
2:15 Loom
9:18 Feudal Age
9:44 Double-Bit Axe
10:55 Man-at-Arms
17:54 Gold Mining
24:04 Scale Mail Armor
24:19 Forging
24:52 Scale Mail Armor
26:54 Fletching
27:04 Padded Archer Armor
28:40 Wheelbarrow
28:36 Horse Collar
31:40 Castle Age
32:35 Bow Saw
31:50 Crossbowman
32:33 Squires
31:57 Pikeman
32:54 Bodkin Arrow
34:07 Gold Shaft Mining
33:30 Pikeman
37:49 Chain Mail Armor
37:50 Hand Cart
HoyNoHayLag
6:44 Loom
9:45 Feudal Age
11:21 Double-Bit Axe
17:09 Horse Collar
22:21 Wheelbarrow
26:48 Castle Age
25:37 Gold Mining
26:14 Scale Barding Armor
26:20 Forging
26:32 Bloodlines
31:04 Light Cavalry
32:59 Iron Casting
34:51 Capped Ram
38:33 Chain Barding Armor
[RuJ] Lord_Dragol
10:06 Feudal Age
14:29 Castle Age
12:58 Double-Bit Axe
14:41 Scale Barding Armor
17:11 Bloodlines
17:50 Loom
24:38 Horse Collar
26:54 Chain Barding Armor
28:06 Forging
30:17 Husbandry
31:49 Wheelbarrow
31:58 Fervor
32:18 Caravan
34:28 Iron Casting
35:57 Heavy Plow
38:19 Murder Holes
38:35 Masonry
seher9203
10:58 Feudal Age
10:53 Loom
11:58 Man-at-Arms
13:52 Scale Mail Armor
Connection lost

Rejoining the realm…

Still unreachable

The connection could not be restored.

Session expired

The server has moved on; the page needs a fresh start.